AoeStats
← tarepo

Arena

508038286Analyzed
4v4 RM · 10d ago on Sep 20, 2026· 54m 24s· 8 players
Game mode
Random Map
Map size
Large (8 player)
Population
200
Speed
Normal
Resources
Standard
Victory
Conquest
Starting age
Dark Age
Ending age
Imperial Age
RankedLock teamsTeams togetherTeam positionsShared explorationLock speedFull tech treeHidden civsTurbo modeCheats
Victory
Defeat
🇫🇷 Cumans · France
681
+12
🇲🇽 Lithuanians · Mexico
633
+14
🇹🇷 Turks · Türkiye
618
+14
🇨🇭 Spanish · Switzerland
502
+20
🇺🇸 Burgundians · United States
678
-18
🇨🇦 Khmer · Canada
660
-18
🇧🇷 Chinese · Brazil
649
-17
🇨🇷 Persians · Costa Rica
350
-7
Golden Boy
9:49 Feudal Age
10:24 Double-Bit Axe
17:22 Castle Age
16:23 Stone Mining
16:24 Gold Mining
17:53 Horse Collar
26:15 Husbandry
28:07 Wheelbarrow
28:03 Heavy Plow
28:25 Town Watch
30:33 Stone Shaft Mining
31:33 Bloodlines
31:47 Forging
31:38 Scale Mail Armor
34:22 Iron Casting
33:55 Scale Barding Armor
34:15 Chain Mail Armor
37:05 Fervor
39:37 Imperial Age
37:39 Chain Barding Armor
41:33 Conscription
40:35 Elite Leitis
42:03 Plate Barding Armor
47:53 Ballistics
48:34 Chemistry
48:06 Hand Cart
51:28 Bow Saw
52:59 Spies/Treason
tarepo
11:10 Feudal Age
11:51 Loom
15:42 Castle Age
13:34 Double-Bit Axe
13:33 Horse Collar
17:36 Bow Saw
20:15 Gold Mining
22:32 Wheelbarrow
21:47 Town Watch
24:21 Stone Mining
25:28 Hand Cart
28:09 Stone Shaft Mining
30:15 Imperial Age
28:52 Pikeman
29:32 Squires
29:57 Scale Barding Armor
30:03 Forging
29:56 Scale Mail Armor
31:03 Onager
33:14 Husbandry
33:54 Bloodlines
34:22 Iron Casting
34:07 Chain Barding Armor
34:45 Conscription
34:59 Cavalier
36:53 Blast Furnace
37:32 Two-Man Saw
36:34 Town Patrol
36:34 Elite Conquistador
38:16 Plate Barding Armor
39:35 Light Cavalry
39:36 Paladin
44:02 Chemistry
42:58 Murder Holes
43:14 Masonry
43:56 Chain Mail Armor
43:49 Halberdier
ErAser
1:11 Loom
12:48 Feudal Age
13:31 Horse Collar
13:39 Double-Bit Axe
14:47 Gold Mining
14:50 Stone Mining
18:17 Wheelbarrow
18:55 Town Watch
24:07 Castle Age
24:23 Castle Age
24:15 Padded Archer Armor
24:07 Fletching
25:27 Heavy Plow
25:39 Bow Saw
27:00 Gold Shaft Mining
30:07 Hand Cart
30:19 Town Patrol
34:13 Imperial Age
38:05 Treadmill Crane
38:45 Ballistics
38:45 Leather Archer Armor
38:25 Bodkin Arrow
38:37 Artillery
39:47 Conscription
40:58 Two-Man Saw
42:44 Bracer
43:14 Ring Archer Armor
42:13 Elite Janissary
44:48 Caravan
Marcus
11:08 Feudal Age
11:49 Double-Bit Axe
12:22 Horse Collar
20:19 Castle Age
19:59 Arson
22:55 Wheelbarrow
21:44 Capped Ram
25:20 Bow Saw
29:23 Hand Cart
32:05 Steppe Husbandry
41:52 Heavy Plow
42:37 Ballistics
42:22 Padded Archer Armor
47:09 Imperial Age
46:16 Heated Shot
48:15 Conscription
47:20 Elite Kipchak
48:56 Leather Archer Armor
48:32 Fletching
50:16 Ring Archer Armor
49:59 Forging
cjcypher76
9:24 Double-Bit Axe
14:13 Feudal Age
15:04 Bow Saw
14:38 Horse Collar
17:07 Heavy Plow
20:02 Castle Age
19:31 Forging
19:22 Scale Mail Armor
22:53 Elite Skirmisher
25:20 Crossbowman
39:47 Wheelbarrow
39:30 Cavalier
40:23 Scale Barding Armor
45:28 Chain Barding Armor
45:44 Iron Casting
George_floyd
0:40 Loom
15:25 Feudal Age
19:24 Castle Age
26:29 Stone Mining
29:20 Stone Shaft Mining
34:23 Caravan
ashred
9:16 Feudal Age
11:53 Double-Bit Axe
20:20 Castle Age
21:09 Bow Saw
20:43 Horse Collar
21:51 Wheelbarrow
21:31 Loom
23:33 Gold Mining
29:13 Hand Cart
30:51 Gold Shaft Mining
30:20 Caravan
32:01 Heavy Plow
31:54 Town Watch
33:52 Town Patrol
34:49 Kamandaran
35:36 Husbandry
35:46 Bloodlines
35:55 Stone Mining
40:55 Imperial Age
41:23 Masonry
41:03 Heated Shot
41:34 Ballistics
40:40 Onager
42:50 Crop Rotation
43:23 Two-Man Saw
42:58 Cavalier
44:33 Conscription
44:25 Citadels
44:38 Scale Barding Armor
44:33 Scale Mail Armor
44:56 Forging
44:19 Heavy Scorpion
NoobForever
0:34 Loom
10:32 Feudal Age
19:02 Castle Age
26:04 Thumb Ring
28:55 Fervor
29:05 Sanctity
29:19 Fervor
33:17 Imperial Age
33:44 Double-Bit Axe
33:44 Horse Collar
33:56 Gold Mining
33:56 Stone Mining
34:02 Fletching
34:12 Padded Archer Armor
34:35 Ballistics
35:15 Chemistry
34:12 Murder Holes
34:48 Conscription
35:08 Masonry
35:46 Conscription
37:56 Theocracy
38:02 Bodkin Arrow
38:22 Leather Archer Armor
38:29 Crossbowman
38:29 Elite Skirmisher
38:32 Man-at-Arms
38:32 Pikeman
Connection lost

Rejoining the realm…

Still unreachable

The connection could not be restored.

Session expired

The server has moved on; the page needs a fresh start.